 Dungeon Crawl Stone Soup version 0.23.2-33-g5129a83184 (webtiles) character file.

Game seed: 8347331162980619233

334 FishyPogo the Skirmisher (level 6, -2/56 HPs)
             Began as a Draconian Berserker on July 23, 2019.
             Was a Priest of Trog.
             Killed from afar by Natasha (7 damage)
             ... with a magic dart
             ... on level 3 of the Dungeon on July 25, 2019.
             The game lasted 00:26:42 (2635 turns).

FishyPogo the Skirmisher (Draconian Berserker)      Turns: 2635, Time: 00:26:43

Health: -2/56      AC:  0    Str: 22    XL:     6   Next: 27%
Magic:  6/6        EV: 22    Int:  7    God:    Trog [***...]
Gold:   209        SH:  0    Dex: 15    Spells: 5/5 levels left

rFire    . . .     SeeInvis .   (weapon currently unavailable)
rCold    . . .     Gourm    .   (shield currently unavailable)
rNeg     . . .     Faith    .   (armour unavailable)
rPois    .         Spirit   .   (helmet currently unavailable)
rElec    .         Reflect  .   (cloak currently unavailable)
rCorr    .         Harm     .   (gloves currently unavailable)
MR       ++...                  (boots currently unavailable)
Stlth    +.........             (no amulet)
HPRegen  1.18/turn              (ring currently unavailable)
MPRegen  0.10/turn              (ring currently unavailable)

@: bat-form, berserk cooldown, flying, regenerating, slowed, quick
A: tiny, unfitting armour, AC +6
a: Berserk, Trog's Hand, Renounce Religion


You were on level 3 of the Dungeon.
You worshipped Trog.
Trog was most pleased with you.
You were not hungry.
You were in bat-form.
You visited 1 branch of the dungeon, and saw 3 of its levels.

You collected 209 gold pieces.

Inventory:

Hand Weapons
 a - a +0 mace (melded)
 e - a +0 spear
 p - a +3 dagger
Armour
 g - a scarf of cloud immunity
 j - a scarf of cloud immunity
 m - a scarf of resistance (melded)
Scrolls
 d - 4 scrolls of identify
 h - a scroll of fear {unknown}
 l - a scroll of remove curse {unknown}
Potions
 i - a potion of berserk rage {unknown}
 k - a potion of brilliance
 o - a potion of magic {unknown}
Comestibles
 b - 2 rations
 f - 4 chunks of flesh


   Skills:
 * Level 5.2 Fighting
 + Level 4.8 Maces & Flails
 + Level 4.2 Dodging
 - Level 0.1 Stealth


You had 5 spell levels left.
You didn't know any spells.
Your spell library was empty.

Dungeon Overview and Level Annotations

Branches:
Dungeon (3/15)

Altars:

Annotations:
D:3 Natasha


Innate Abilities, Weirdness & Mutations

((Your plain brown scales are hard. (AC +6)))
You cannot fit into any form of body armour.
((You are cold-blooded and may be slowed by cold attacks.))


Message History

Natasha is heavily wounded.
Natasha completely misses you. The shadow imp completely misses you.
You hit Natasha but do no damage.
Natasha is heavily wounded.
Natasha completely misses you. The shadow imp misses you.
You hit Natasha.
Natasha is heavily wounded.
Natasha completely misses you. The shadow imp hits you.
* * * LOW HITPOINT WARNING * * *
Natasha drinks a potion.
Natasha is healed!
You hit Natasha but do no damage.
Natasha is lightly wounded.
The shadow imp misses you. Natasha claws you!
* * * LOW HITPOINT WARNING * * *
The shadow imp hits you.
* * * LOW HITPOINT WARNING * * *
It was a potion of lignification.
You feel woody for a moment. Natasha casts a spell at you.
The magic dart hits you!
You die...

# #.#.# .#..# #.
##.#.####.#..#.
#.####..............
#...#.............# # #.
#................# .. #.##
###.....).............
...K.#.......÷........#..
..#..#.###..##5..#.#...
...........)##b.#..#.#
#...........†h)...#..#
##.........#......####
.##..............<....#
#............#...##.##.....
.........(†....####..# ##.. .
#..#...?..†!.....###.######.#
.. #..........##...#.........
. #.[......#...###.#.......#.


You could see Natasha and a shadow imp.

Vanquished Creatures
  An orc priest (D:2)
  An orc wizard (D:2)
  Natasha (twice) (D:3)
  7 gnolls (D:3)
  4 adders (D:2)
  2 oozes
  3 worms
  3 dart slugs
  3 leopard geckos
  4 orcs (D:2)
  9 bats
  7 giant cockroaches
  10 goblins
  7 hobgoblins
  11 jackals
  9 kobolds
  2 quokkas
  A ball python (D:1)
  3 frilled lizards
  11 rats
100 creatures vanquished.

Notes
Turn   | Place    | Note
-------+----------+-------------------------------------------
     0 | D:1      | FishyPogo the Draconian Berserker began the quest for the
                  | Orb.
     0 | D:1      | Reached XP level 1. HP: 19/19 MP: 1/1
   168 | D:1      | Reached XP level 2. HP: 26/26 MP: 2/2
   475 | D:1      | Reached ** piety under Trog
   762 | D:1      | Reached XP level 3. HP: 33/33 MP: 3/3
  1381 | D:2      | Reached XP level 4. HP: 30/40 MP: 4/4
  1575 | D:2      | Reached skill level 4 in Fighting
  1587 | D:2      | Reached XP level 5. HP: 19/46 MP: 5/5
  2204 | D:3      | Noticed Natasha
  2325 | D:3      | Killed Natasha
  2375 | D:3      | Noticed Natasha
  2384 | D:3      | Reached *** piety under Trog
  2393 | D:3      | Killed Natasha
  2398 | D:3      | Reached XP level 6. HP: 10/55 MP: 6/6
  2466 | D:3      | Noticed Natasha
  2533 | D:3      | Reached skill level 5 in Fighting
  2635 | D:3      | Killed from afar by Natasha

Skill      XL: |  1  2  3  4  5  6 |
---------------+-------------------+-----
Dodging        | 3 4 |  4.2
Maces & Flails | 4 |  4.8
Fighting       | 4 5 |  5.2
Stealth        | |  0.1

Action                   |  1- 3 |  4- 6 || total
-------------------------+-------+-------++-------
Melee: Mace              |   126 |   175 ||   301
       Tailslap          |    14 |    19 ||    33
       Dagger            |       |    29 ||    29
       Unarmed           |       |     6 ||     6
Invok: Berserk           |     4 |     6 ||    10
       Trog's Hand       |       |     5 ||     5
  Use: Scroll            |     1 |     2 ||     3
       Potion            |       |     1 ||     1
  Eat: Chunk             |     5 |     6 ||    11
       Ration            |       |     2 ||     2
Armor: Skin              |    46 |    99 ||   145
Dodge: Dodged            |    89 |   188 ||   277
